AoeStats
← Mycorrhizal

Black Forest

509192848Analyzed
3v3 RM · 7d ago on Sep 25, 2026· 41m 21s· 6 players
Game mode
Random Map
Map size
Normal (6 player)
Population
200
Speed
Normal
Resources
Standard
Victory
Conquest
Starting age
Dark Age
Ending age
Imperial Age
RankedLock teamsTeams togetherTeam positionsShared explorationLock speedFull tech treeHidden civsTurbo modeCheats
Victory
Defeat
🇨🇦 Huns · Canada
1455
+11
🇧🇷 Celts · Brazil
1390
+13
🇱🇹 Maya · Lithuania
1337
+15
🇦🇷 Saracens · Argentina
1404
-16
🇦🇷 Poles · Argentina
1318
-13
🇦🇷 Cumans · Argentina
1258
-10
Mycorrhizal
1:45 Loom
10:31 Feudal Age
11:25 Man-at-Arms
12:23 Double-Bit Axe
20:35 Castle Age
18:58 Fletching
21:46 Bow Saw
21:17 Horse Collar
22:12 Heavy Plow
23:19 Stone Mining
25:17 Gold Mining
27:42 Wheelbarrow
31:08 Imperial Age
29:18 Hand Cart
30:39 Scale Barding Armor
31:38 Bloodlines
31:30 Husbandry
31:20 Cavalier
32:22 Chain Barding Armor
32:25 Town Watch
32:32 Paladin
34:25 Plate Barding Armor
36:13 Two-Man Saw
36:08 Forging
37:38 Iron Casting
39:25 Blast Furnace
42:09 Conscription
Salvation
0:39 Loom
10:42 Feudal Age
11:12 Double-Bit Axe
16:10 Castle Age
GAX | toooasty
11:13 Feudal Age
13:48 Loom
16:24 Castle Age
14:54 Double-Bit Axe
16:32 Fishing Lines
17:57 Bow Saw
22:25 Town Watch
23:42 Wheelbarrow
23:05 Gold Mining
23:05 Stone Mining
23:28 Gillnets
25:44 Gold Shaft Mining
27:08 Horse Collar
31:56 Imperial Age
29:43 Hand Cart
29:55 Fletching
32:28 Onager
33:12 Caravan
33:50 Conscription
33:32 Scale Mail Armor
33:42 Forging
34:22 Elite Woad Raider
35:19 Chain Mail Armor
38:32 Plate Mail Armor
38:39 Iron Casting
39:40 Furor Celtica
40:24 Arson
41:41 Blast Furnace
C h u c k
6:01 Loom
8:55 Feudal Age
15:06 Fletching
15:52 Padded Archer Armor
21:27 Castle Age
19:21 Double-Bit Axe
19:17 Horse Collar
20:53 Gold Mining
21:39 Crossbowman
22:15 Bodkin Arrow
23:36 Leather Archer Armor
23:49 Town Watch
24:21 Bow Saw
27:16 Heavy Plow
29:14 Ballistics
29:43 Thumb Ring
30:51 Wheelbarrow
32:33 Gold Shaft Mining
32:21 Hand Cart
36:33 Imperial Age
34:04 Stone Mining
34:46 Town Patrol
35:15 Masonry
38:20 Bracer
39:22 Chemistry
39:43 Two-Man Saw
38:46 Arbalester
Lilita Carrió
10:14 Feudal Age
14:42 Double-Bit Axe
21:16 Wheelbarrow
20:27 Loom
24:36 Castle Age
24:10 Gold Mining
28:41 Imperial Age
28:39 Bow Saw
28:51 Capped Ram
30:15 Town Watch
30:50 Bloodlines
30:02 Cavalier
30:48 Scale Barding Armor
30:53 Forging
31:53 Chain Barding Armor
34:13 Two-Man Saw
33:14 Paladin
34:22 Horse Collar
35:02 Hand Cart
36:24 Iron Casting
38:49 Blast Furnace
37:41 Light Cavalry
39:53 Gold Shaft Mining
39:08 Stone Mining
40:50 Fletching
Calavera
0:44 Loom
12:28 Feudal Age
15:29 Horse Collar
15:39 Double-Bit Axe
23:26 Castle Age
23:37 Scale Barding Armor
23:43 Forging
23:46 Bloodlines
24:09 Gold Mining
24:24 Husbandry
25:33 Heavy Plow
25:47 Bow Saw
31:06 Chain Barding Armor
34:06 Imperial Age
31:45 Light Cavalry
33:35 Iron Casting
33:09 Szlachta Privileges
35:50 Blast Furnace
35:13 Conscription
35:16 Cavalier
Connection lost

Rejoining the realm…

Still unreachable

The connection could not be restored.

Session expired

The server has moved on; the page needs a fresh start.